 Dungeon Crawl Stone Soup version 0.27-a0-1513-g2aaa0cc67b (webtiles) character file.

Game seed: 1167364345452130262

98 blackman the Slasher (level 5, -12/41 HPs)
             Began as a Human Fighter on July 9, 2021.
             Mangled by an ogre (25 damage)
             ... on level 3 of the Dungeon.
             The game lasted 00:05:30 (2148 turns).

blackman the Slasher (Human Fighter)                Turns: 2148, Time: 00:05:30

Health: -12/41     AC:  6    Str: 17    XL:     5   Next: 1%
Magic:  5/5        EV:  7    Int:  8    God:
Gold:   94         SH:  9    Dex: 13    Spells: 4/4 levels left

rFire    . . .     SeeInvis .   a - +0 long sword
rCold    . . .     Faith    .   c - +0 kite shield
rNeg     . . .     Spirit   .   b - +0 scale mail
rPois    .         Reflect  .   (no helmet)
rElec    .         Harm     .   (no cloak)
rCorr    .         Rampage  .   (no gloves)
Will     .....                  (no boots)
Stlth    ..........             h - amulet of regeneration
HPRegen  1.13/turn              (no ring)
MPRegen  0.09/turn              (no ring)

@: no status effects
A: no striking features
a: no special abilities


You were on level 3 of the Dungeon.
You visited 1 branch of the dungeon, and saw 3 of its levels.

You collected 94 gold pieces.

Inventory:

Hand Weapons
 a - a +0 long sword (weapon)
Missiles
 j - 7 poisoned darts (quivered)
Armour
 b - a +0 scale mail (worn)
 c - a +0 kite shield (worn)
Jewellery
 h - an amulet of regeneration (around neck)
Wands
 l - a wand of digging (4)
Scrolls
 i - a scroll of amnesia {unknown}
 k - a scroll of enchant weapon {unknown}
 m - 2 scrolls of teleportation
 o - a scroll of torment {unknown}
Potions
 d - 2 potions of might
 e - a potion of magic {unknown}
 f - 2 potions of invisibility {unknown}
 g - a potion of curing {unknown}
 n - a potion of attraction {unknown}
 p - a potion of haste {unknown}


   Skills:
 - Level 3.0 Fighting
 * Level 4.6 Long Blades
 - Level 3.0 Armour
 - Level 3.0 Shields


You had 4 spell levels left.
You didn't know any spells.
Your spell library contained the following spells:

 Spells                   Type           Power      Damage    Failure   Level
 Magic Dart               Conj           0%         1d3       100%        1
 Call Imp                 Summ           0%         N/A       100%        2
 Mephitic Cloud           Conj/Pois/Air  0%         N/A       100%        3


Dungeon Overview and Level Annotations

Branches:
Dungeon (3/15)

Altars:

Annotations:
D:3 Sigmund


Message History

You enter the shallow water.
Moving in this stuff is going to be slow.
You hit the ogre but do no damage. The ogre hits you but does no damage.
Your shield prevents you from hitting the ogre.
The ogre hits you with a +0 giant club!!
Ouch! That really hurt!
The ogre closely misses you.
There is a stone staircase leading up here.
You block the ogre's attack.
You climb upwards.
There is a stone staircase leading down here.
You hit the ogre.
The ogre is lightly wounded.
You block the ogre's attack. The ogre closely misses you.
As you open the door, it creaks loudly! The ogre hits you with a +0 giant club!
There is an open door here.
There is a stone staircase leading down here.
You block the ogre's attack.
You climb downwards.
Level annotation: Sigmund
There is a stone staircase leading up here.
Unknown command.
You don't know any spells.
Unknown command.
Press: ? - help, v - describe, . - travel
Here: an ogre, wielding a +0 giant club The floor.
Your shield and scale mail prevent you from hitting the ogre.
The ogre hits you with a +0 giant club!
The ogre hits you with a +0 giant club!!
Ouch! That really hurt!
* * * LOW HITPOINT WARNING * * *
You see here a staff of earth.
You enter the shallow water.
Moving in this stuff is going to be slow.
The ogre hits you with a +0 giant club!!
Ouch! That really hurt!
You die...

#..............##≈≈.≈≈...#
#..........##.#.≈≈≈≈≈≈≈.##
#.......(.....≈≈≈#≈≈≈≈≈#≈###
#......<....#≈≈≈≈≈≈≈≈≈≈≈≈##.
#..........#.≈≈≈≈≈≈≈≈#≈≈≈≈..
#..........#≈≈≈≈≈≈≈≈≈≈≈≈≈#≈.
######..###≈≈#≈≈≈≈≈≈≈≈≈≈≈≈≈≈
#.....≈≈≈(.≈≈...≈≈.≈≈≈≈
#..#..@O≈...|.<.....≈≈.
...##.#≈≈≈.≈≈≈..♣≈♣.♣≈## .##
#..≈≈≈≈.≈≈≈≈≈≈≈≈≈≈≈≈
#...≈≈≈≈#≈≈≈≈≈≈≈≈≈≈.
#....≈≈≈###≈≈#≈≈≈≈..
......#≈≈≈≈≈≈≈≈≈≈≈≈..
###.....≈≈≈≈≈≈≈≈≈≈≈...
#.......≈≈≈#≈≈≈....#
.......≈≈†≈≈...###


You could see an ogre.

Vanquished Creatures
  3 gnolls
  An adder (D:2)
  6 dart slugs (D:3)
  2 ball pythons (D:1)
  2 endoplasms
  4 giant cockroaches
  9 goblins
  3 hobgoblins
  4 kobolds
  4 quokkas
  3 bats
  3 frilled lizards
  3 rats
47 creatures vanquished.

Vanquished Creatures (others)
  4 plants (D:1)
4 creatures vanquished.

Grand Total: 51 creatures vanquished

Notes
Turn   | Place    | Note
-------+----------+-------------------------------------------
     0 | D:1      | blackman the Human Fighter began the quest for the Orb.
     0 | D:1      | Reached XP level 1. HP: 18/18 MP: 1/1
   225 | D:1      | Found a faded altar of an unknown god.
   281 | D:1      | Reached XP level 2. HP: 24/24 MP: 2/2
   486 | D:1      | Reached skill level 3 in Long Blades
   569 | D:1      | Reached XP level 3. HP: 26/29 MP: 3/3
  1024 | D:2      | Reached XP level 4. HP: 35/35 MP: 4/4
  1239 | D:2      | Reached skill level 4 in Long Blades
  2056 | D:3      | Reached XP level 5. HP: 41/41 MP: 5/5
  2073 | D:3      | Noticed an ogre
  2073 | D:3      | Noticed Sigmund
  2148 | D:3      | Mangled by an ogre

Illustrated notes

Levels and vault maps discovered:
D:1:      lemuel_arrival_lava_pool, layout_loops_cross,
          chequers_ecumenical_altar_lobes
D:2:      layout_loops_corners, palyth_stone_intersect
D:3:      kennysheep_slugbush, layout_rooms,
          mainiacjoe_overflow_small_starburst,
          chequers_temple_overflow_minitemple, ebering_ghost_sewer_f,
          minivault_23, kennysheep_generic_room_13, uniq_sigmund

Skill      XL: |  1  2  3  4 |
---------------+-------------+-----
Long Blades    | 3 4 |  4.6
Fighting       | |  3.0
Armour         | |  3.0
Shields        | |  3.0

Action                   |  1- 3 |  4- 6 || total
-------------------------+-------+-------++-------
Melee: Long sword        |    53 |    78 ||   131
  Use: Scroll            |       |     1 ||     1
Armor: Scale mail        |    21 |    36 ||    57
Dodge: Dodged            |    18 |    23 ||    41
Block: Kite shield       |    27 |    40 ||    67
       Rpst.: Long sword |     6 |     9 ||    15

Table legend: (Time is in decaauts)
 A = Elapsed time spent in this place.
 B = Non-inter-level travel time spent in this place.
 C = Inter-level travel time spent in this place.
 D = Time resting spent in this place.
 E = Time spent auto-exploring this place.
 F = Levels seen in this place.
 G = Mean time per level.
                   A        B        C        D        E       F      G
               +--------+--------+--------+--------+--------+-----+--------+
         Total |   2221 |   2171 |     50 |    237 |   1492 |   3 |  740.3 |
       Dungeon |   2221 |   2171 |     50 |    237 |   1492 |   3 |  740.3 |
               +--------+--------+--------+--------+--------+-----+--------+

Top non-repeatable levels by time:
     D:1: 1037 daAuts
     D:2: 988 daAuts
     D:3: 196 daAuts
